 Dungeon Crawl Stone Soup version 0.25.1-2-g60ff931df9 (webtiles) character file.

Game seed: 4089517262092296973

142 Martska the Changer (level 5, -1/44 HPs)
             Began as a Naga Transmuter on Oct 13, 2020.
             Slain by an adder (3 damage)
             ... on level 2 of the Dungeon.
             The game lasted 00:07:28 (2237 turns).

Martska the Changer (Naga Transmuter)               Turns: 2237, Time: 00:07:28

Health: -1/44      AC:  2    Str: 12    XL:     5   Next: 24%
Magic:  9/10       EV: 10    Int: 15    God:
Gold:   35         SH:  0    Dex: 11    Spells: 1/10 levels left

rFire    . . .     SeeInvis +   c - +0 hand axe (vorpal)
rCold    . . .     Gourm    .   (no shield)
rNeg     . . .     Faith    .   b - +0 robe
rPois    +         Spirit   .   (no helmet)
rElec    .         Reflect  .   (no cloak)
rCorr    .         Harm     .   (no gloves)
MR       .....                  (no barding)
Stlth    +.........             k - amulet of inaccuracy (curse)
HPRegen  0.14/turn              (no ring)
MPRegen  0.12/turn              (no ring)

@: lethally poisoned (-1 -> -2), short of breath, very slightly contaminated,
very slow
A: large, see invisible, deformed body, poison resistance, slowness 2, slow
metabolism 1, spit poison 1, AC +1
a: Spit Poison


You were on level 2 of the Dungeon.
You were hungry.

You visited 1 branch of the dungeon, and saw 2 of its levels.

You collected 35 gold pieces.

Inventory:

Hand Weapons
 c - a +0 vorpal hand axe (weapon)
 g - a +0 short sword
Missiles
 a - 12 arrows
Armour
 b - a +0 robe (worn)
Jewellery
 k - a cursed amulet of inaccuracy (around neck)
Scrolls
 e - a scroll of remove curse {unknown}
 f - a scroll of enchant armour
 j - a scroll of teleportation {unknown}
Potions
 h - a potion of invisibility {unknown}
 i - a potion of resistance {unknown}
Comestibles
 d - a ration


   Skills:
 - Level 1.0 Fighting
 - Level 1.5 Dodging
 - Level 3.0 Unarmed Combat
 - Level 3.3 Spellcasting
 * Level 4.3 Transmutations


You had one spell level left.
You knew the following spells:

 Your Spells              Type           Power        Failure   Level  Hunger
a - Beastly Appendage     Tmut           ###...       3%          1    None
b - Spider Form           Tmut/Pois      #.........   24%         3    ###....
c - Blade Hands           Tmut           ###.......   67%         5    ######.

Your spell library contained the following spells:

 Spells                   Type           Power        Failure   Level  Hunger
 Sticks to Snakes         Tmut           ###.....     4%          2    ##.....
 Ice Form                 Ice/Tmut       #.......     63%         4    ####...


Dungeon Overview and Level Annotations

Branches:
Dungeon (2/15)

Altars:


Innate Abilities, Weirdness & Mutations

You cannot wear boots.
Your serpentine skin is tough. (AC +1)
You have supernaturally acute eyesight. (SInv)
Armour fits poorly on your strangely shaped body.
Your system is resistant to poisons. (rPois)
You cover ground very slowly.
You have a slow metabolism.
You can spit poison.


Message History

You feel sick. The adder closely misses you.
The adder bites you but does no damage.
You miss the adder.
The adder is almost dead.
The adder barely misses you. The adder closely misses you.
You barely miss the adder.
The adder is almost dead.
You have got your breath back.
The adder bites you.
* * * LOW HITPOINT WARNING * * *
Press: ? - help, Shift-Dir - straight line, f/p - adder
Aim: an adder (almost dead)
The splash of poison misses the adder.
You feel slightly more hungry.
You feel sick. The adder bites you.
* * * LOW HITPOINT WARNING * * *
The adder closely misses you.
You closely miss the adder. Your punch misses the adder.
The adder is almost dead.
The adder bites you.
You die...

###### #.##.# #....#
#.##.# #.##.# #######
#########.##.####......
#....S@...##...........
#.........######...####
#.........# #.......
......####.######...###.
#####. ###.#............
#.##...#.###########
..........##..
#.##.###...#.#
.......#.#.######


You could see an adder.

Vanquished Creatures
  A jelly (D:2)
  4 gnolls (D:2)
  3 adders (D:2)
  2 worms (D:2)
  A dart slug (D:1)
  A bat (D:1)
  9 goblins
  3 hobgoblins
  4 jackals (D:1)
  7 kobolds
  3 rats
38 creatures vanquished.

Notes
Turn   | Place    | Note
-------+----------+-------------------------------------------
     0 | D:1      | Martska the Naga Transmuter began the quest for the Orb.
     0 | D:1      | Reached XP level 1. HP: 18/18 MP: 3/3
   203 | D:1      | Reached XP level 2. HP: 25/25 MP: 5/5
   506 | D:1      | Reached XP level 3. HP: 23/31 MP: 6/6
   515 | D:1      | Learned a level 3 spell: Spider Form
   967 | D:2      | Reached skill level 3 in Transmutations
   987 | D:2      | Reached XP level 4. HP: 15/38 MP: 0/8
  1451 | D:2      | Reached skill level 4 in Transmutations
  1451 | D:2      | Reached XP level 5. HP: 9/44 MP: 6/10
  2183 | D:2      | Learned a level 5 spell: Blade Hands
  2236 | D:2      | HP: 2/44 [adder (4)]
  2237 | D:2      | Slain by an adder

Illustrated notes

Levels and vault maps discovered:
D:1:      lemuel_arrival_cross, layout_rooms
D:2:      layout_basic, nicolae_overflow_hidden_temple

Skill      XL: |  1  2  3  4 |
---------------+-------------+-----
Transmutations | 3 4 |  4.3
Spellcasting   | 3 |  3.3
Fighting       | |  1.0
Dodging        | |  1.5
Unarmed Combat | |  3.0

Action                   |  1- 3 |  4- 6 || total
-------------------------+-------+-------++-------
Melee: Unarmed           |    35 |    21 ||    56
       Punch             |     1 |       ||     1
       Short sword       |    10 |       ||    10
       Hand axe          |     8 |    45 ||    53
 Cast: Spider Form       |     2 |     3 ||     5
 Abil: Spit Poison       |    16 |    13 ||    29
  Use: Scroll            |     2 |       ||     2
  Eat: Chunk             |       |     4 ||     4
Armor: Robe              |     7 |     9 ||    16
       Skin              |       |     2 ||     2
Dodge: Dodged            |    40 |    49 ||    89
